 Dungeon Crawl Stone Soup version 0.24-a0-250-g6074511 (webtiles) character file.

Game seed: 4015906544850124066

541 Borgoz the Cutter (level 7, -4/43 HPs)
             Began as a Kobold Gladiator on Apr 15, 2019.
             Slain by an orc wizard
             ... wielding a +0 dagger
              (5 damage)
             ... on level 4 of the Dungeon.
             The game lasted 00:03:43 (3201 turns).

Borgoz the Cutter (Kobold Gladiator)                Turns: 3201, Time: 00:03:44

Health: -4/43      AC:  4    Str: 13    XL:     7   Next: 52%
Magic:  0/7        EV: 17    Int: 10    God:
Gold:   256        SH:  2    Dex: 16    Spells: 6/6 levels left

rFire    . . .     SeeInvis .   p - +1 dagger (venom)
rCold    . . .     Gourm    .   (shield restricted)
rNeg     . . .     Faith    .   b - +0 leather armour
rPois    .         Spirit   +   c - +0 helmet
rElec    .         Reflect  +   l - scarf {Spirit}
rCorr    .         Harm     .   (no gloves)
MR       .....                  (no boots)
Stlth    +++.......             r - +2 amulet of reflection
HPRegen  0.14/turn              (no ring)
MPRegen  0.10/turn              (no ring)

@: no status effects
A: small, carnivore
a: no special abilities


You were on level 4 of the Dungeon.
You were very full.

You visited 1 branch of the dungeon, and saw 4 of its levels.

You collected 256 gold pieces.

Inventory:

Hand Weapons
 a - a +0 rapier
 p - a +1 dagger of venom (weapon)
Missiles
 n - 3 throwing nets (quivered)
Armour
 b - a +0 leather armour (worn)
 c - a +0 helmet (worn)
 l - a scarf of spirit shield (worn)
Jewellery
 r - a +2 amulet of reflection (around neck)
Wands
 d - a wand of enslavement (1)
 q - a wand of iceblast (6)
Scrolls
 g - 4 scrolls of remove curse {unknown}
 h - a scroll of teleportation {unknown}
 i - 2 scrolls of magic mapping {unknown}
 k - a scroll of fear {unknown}
 m - 4 scrolls of identify {unknown}
 o - a scroll of enchant weapon {unknown}
 s - a scroll of immolation {unknown}
 t - a scroll of noise {unknown}
Potions
 j - a potion of haste
Comestibles
 f - 5 rations


   Skills:
 + Level 4.2 Fighting
 + Level 6.0 Short Blades
 - Level 2.2 Throwing
 + Level 2.4 Armour
 + Level 5.3 Dodging
 + Level 4.4 Stealth


You had 6 spell levels left.
You didn't know any spells.
Your spell library was empty.

Dungeon Overview and Level Annotations

Branches:
Dungeon (4/15)
 Temple: D:4-7

Altars:
Trog

Annotations:
D:4 3 runed translucent doors, Pompelm0's ghost, amateur NaWn


Innate Abilities, Weirdness & Mutations

You are small and have problems with some larger weapons.
You are carnivorous and can eat meat at any time.


Message History

The orc wizard is lightly wounded.
The orc wizard misses you.
You barely miss the orc wizard.
The orc wizard is lightly wounded.
The orc wizard barely misses you.
You hit the orc wizard.
The orc wizard is poisoned.
The orc wizard is moderately wounded.
You closely miss the orc wizard.
The orc wizard is moderately wounded.
The orc wizard gestures wildly while chanting.
The orc wizard blinks!
The orc wizard points at you and mumbles some strange words.
The magic dart hits you.
* * * LOW HITPOINT WARNING * * *
Found 16 sling bullets.
You hit the orc wizard but do no damage.
The orc wizard looks as sick as possible!
The orc wizard is moderately wounded.
The orc wizard hits you with a +0 dagger.
You die...

###### ## #####
#...... ##.
##...# #......
#..##'.8.# #...
..###+##..#...#
#.(.
#...#..#.#...##
#...
#...#(###+.8.'.
#..o###...†##
#.†.#.
#@....(##
#...#. #..)..(#
+.8.#. #......+
#...#.
###########
#####. #.#
#.###..... #.#
#........#
#.###.######.#
##...## #.#
##).# ###.#


You could see an orc wizard.

Vanquished Creatures
  A centaur (D:4)
  3 scorpions (D:4)
  A hound (D:4)
  A bullfrog skeleton (D:4)
  Ijyb (D:3)
  2 orc wizards (D:4)
  2 worker ants (D:4)
  5 adders
  An adder skeleton (D:4)
  3 dart slugs
  2 leopard geckos (D:1)
  3 orcs
  A ball python (D:4)
  8 bats
  2 giant cockroaches (D:1)
  4 goblins
  10 hobgoblins
  8 jackals
  8 kobolds
  A quokka (D:4)
  3 frilled lizards
  A leopard gecko skeleton (D:4)
  2 quokka skeletons
  10 rats
83 creatures vanquished.

Notes
Turn   | Place    | Note
-------+----------+-------------------------------------------
     0 | D:1      | Borgoz the Kobold Gladiator began the quest for the Orb.
     0 | D:1      | Reached XP level 1. HP: 12/12 MP: 1/1
   167 | D:1      | Reached XP level 2. HP: 12/17 MP: 2/2
   409 | D:1      | Reached skill level 1 in Stealth
   523 | D:1      | Reached XP level 3. HP: 22/22 MP: 3/3
  1005 | D:2      | Reached XP level 4. HP: 25/27 MP: 4/4
  1117 | D:2      | Reached skill level 1 in Armour
  1148 | D:2      | HP: 1/27 [poisoned by an adder]
  1727 | D:3      | Noticed Ijyb
  1745 | D:3      | Found a bloodstained altar of Trog.
  1760 | D:3      | Killed Ijyb
  1760 | D:3      | Reached XP level 5. HP: 25/32 MP: 5/5
  2156 | D:3      | Reached skill level 5 in Short Blades
  2572 | D:4      | Found a runed translucent gate.
  2572 | D:4      | Found a runed translucent gate.
  2574 | D:4      | Found a runed translucent gate.
  2580 | D:4      | Noticed Pompelm0's ghost (amateur NaWn)
  2698 | D:4      | Reached XP level 6. HP: 35/37 MP: 6/6
  3152 | D:4      | Reached skill level 5 in Dodging
  3152 | D:4      | Reached XP level 7. HP: 40/42 MP: 7/7
  3185 | D:4      | HP: 2/43 [poisoned by a worker ant]
  3185 | D:4      | Reached skill level 6 in Short Blades
  3199 | D:4      | HP: 1/43 [orc wizard/magic dart (4)]
  3201 | D:4      | Slain by an orc wizard

Levels and vault maps discovered:
D:1:      lightli_arrival_lavapool, layout_loops_corners
D:2:      layout_rooms, minivault_27
D:3:      layout_basic, old_standard_altar, corner_web_ring, uniq_ijyb
D:4:      minmay_chambers_of_threes, layout_loops_ring, gammafunk_ghost_split

Skill      XL: |  1  2  3  4  5  6  7 |
---------------+----------------------+-----
Stealth        | 1 2 3 4 |  4.4
Dodging        | 4 5 |  5.3
Armour         | 1 2 |  2.4
Fighting       | 3 4 |  4.2
Short Blades   | 5 6 |  6.0
Throwing       | |  2.2

Action                   |  1- 3 |  4- 6 |  7- 9 || total
-------------------------+-------+-------+-------++-------
Melee: Rapier            |   101 |    87 |       ||   188
       Dagger            |       |    51 |    29 ||    80
Throw: Throwing net      |       |     3 |       ||     3
  Use: Potion            |       |     5 |     1 ||     6
 Stab: Sleeping          |     3 |     7 |       ||    10
  Eat: Chunk             |     8 |     7 |       ||    15
Armor: Leather armour    |    22 |    17 |     4 ||    43
Dodge: Dodged            |    90 |    92 |    33 ||   215
Block: Other             |       |     2 |     2 ||     4

Table legend:
 A = Non-vault XP
 B = Vault XP
 C = Vault XP percentage of total XP
 D = Non-vault monster count
 E = Vault monster count
 F = Vault count percentage of total count
                 A         B        C        D         E       F
            +---------+---------+-------+---------+---------+-------
      Total |     414 |     360 |  46.5 |      76 |       7 |   8.4
            +---------+---------+-------+---------+---------+-------
        D:1 |      59 |       0 |   0.0 |      35 |       0 |   0.0
        D:2 |      54 |       0 |   0.0 |      12 |       0 |   0.0
        D:3 |      30 |      36 |  54.5 |      15 |       1 |   6.2
        D:4 |     271 |     324 |  54.5 |      14 |       6 |  30.0
            +---------+---------+-------+---------+---------+-------
